 Dungeon Crawl Stone Soup version 0.27.0-66-gdc8fb28755 (webtiles) character file.

Game seed: 13673080434573459053

13169 ZARRMARR the Basher (level 11, 0/97 (101) HPs)
             Began as a Minotaur Berserker on Aug 21, 2021.
             Was a High Priest of Trog.
             Slain by a death knight (18 damage)
             ... on level 11 of the Dungeon.
             The game lasted 00:52:12 (14283 turns).

ZARRMARR the Basher (Minotaur Berserker)           Turns: 14283, Time: 00:52:12

HP:   0/97 (101)    AC: 22    Str: 25    XL:     11   Next: 72%
MP:   0/10          EV:  8    Int:  4    God:    Trog [*****.]
Gold: 617           SH: 10    Dex: 10    Spells: 10/10 levels left

rFire    . . .     SeeInvis +   i - +0 whip (venom)
rCold    + . .     Faith    .   K - +0 kite shield
rNeg     . . .     Spirit   +   C - +0 plate armour
rPois    .         Reflect  .   (helmet restricted)
rElec    .         Harm     .   r - +0 cloak
rCorr    .         Rampage  .   N - +2 pair of gloves
Will     .....                  e - +0 pair of boots
Stlth    ..........             c - amulet of guardian spirit
HPRegen  0.26/turn              J - ring of see invisible
MPRegen  0.12/turn              I - ring of protection from cold

@: on berserk cooldown, slowed, lightly drained, very slow
A: horns 2, retaliatory headbutt
a: Renounce Religion, Berserk, Trog's Hand, Brothers in Arms


You were on level 11 of the Dungeon.
You worshipped Trog.
Trog was extremely pleased with you.
You visited 1 branch of the dungeon, and saw 11 of its levels.

You collected 761 gold pieces.
You spent 144 gold pieces at shops.

Inventory:

Hand Weapons
 h - a +3 flail
 i - a +0 whip of venom (weapon)
 o - a +4 club
 v - a +2 hand axe of flaming
 L - a +3 hand axe
Missiles
 q - 49 poisoned darts
 x - 24 boomerangs (quivered)
Armour
 e - a +0 pair of boots (worn)
 r - a +0 cloak (worn)
 C - a +0 plate armour (worn)
 K - a +0 kite shield (worn)
 N - a +2 pair of gloves (worn)
 P - +0 steam dragon scales
Jewellery
 c - an amulet of guardian spirit (around neck)
 A - a ring of ice
 I - a ring of protection from cold (right hand)
 J - a ring of see invisible (left hand)
Wands
 m - a wand of polymorph (4)
 y - a wand of iceblast (5)
 M - a wand of paralysis (7)
Scrolls
 a - 2 scrolls of fog
 g - 2 scrolls of teleportation
 j - 4 scrolls of magic mapping
 n - 2 scrolls of summoning
 s - a scroll of fear
 t - 2 scrolls of enchant weapon
 D - a scroll of vulnerability
 F - 4 scrolls of noise
 H - a scroll of amnesia {unknown}
 O - a scroll of torment {unknown}
 Q - a scroll of identify
Potions
 b - 2 potions of attraction {unknown}
 d - a potion of ambrosia
 f - 5 potions of curing
 l - 2 potions of might {unknown}
 p - 2 potions of degeneration {unknown}
 u - 3 potions of haste {unknown}
 w - a potion of berserk rage {unknown}
 z - 2 potions of flight {unknown}
 B - 3 potions of lignification {unknown}
 E - 3 potions of brilliance {unknown}
 G - 2 potions of invisibility {unknown}
Miscellaneous
 R - a phial of floods (inert)


   Skills:
 + Level 10.9 Fighting
 + Level 13.1 Maces & Flails
 + Level 11.9 Armour
 + Level 7.8 Dodging
 + Level 5.5 Shields
 + Level 0.1 Evocations


You had 10 spell levels left.
You didn't know any spells.
Your spell library contained the following spells:

 Spells                   Type           Power      Damage    Failure   Level
 Animate Skeleton         Necr           0%         N/A       100%        1
 Apportation              Tloc           0%         N/A       100%        1
 Corona                   Hex            0%         N/A       100%        1
 Sandblast                Erth           0%         2d4       100%        1
 Sting                    Tmut/Pois      0%         1d3       100%        1
 Summon Small Mammal      Summ           0%         N/A       100%        1
 Call Imp                 Summ           0%         N/A       100%        2
 Poisonous Vapours        Pois/Air       0%         N/A       100%        2
 Slow                     Hex            0%         N/A       100%        2
 Confusing Touch          Hex            0%         N/A       100%        3
 Conjure Flame            Conj/Fire      0%         6-21      100%        3
 Ignite Poison            Fire/Tmut/Pois 0%         N/A       100%        3
 Vampiric Draining        Necr           0%         2d6       100%        3
 Olgreb's Toxic Radiance  Pois           0%         N/A       100%        4
 Sticky Flame             Conj/Fire      0%         2d3       100%        4
 Haunt                    Necr/Summ      0%         N/A       100%        7
 Dragon's Call            Summ           0%         N/A       100%        9


Dungeon Overview and Level Annotations

Branches:
Dungeon (11/15)            Temple (0/1) D:6            Lair (0/6) D:10
    Orc (0/2) D:10

Altars:
Cheibriados
Gozag
Hepliaklqana
Makhleb
Nemelex Xobeh
Ru
Sif Muna
Trog
Vehumet
Zin

Shops:
D:1 !   D:4 :   D:5 ?   D:9 (   D:11 :

Annotations:
D:6 1 runed translucent door


Innate Abilities, Weirdness & Mutations

You have a pair of horns on your head.
You reflexively headbutt those who attack you in melee.


Message History

Press: ? - help, Q - select action, (/) - cycle Shift-Dir - straight line, f/p - death knight
Aim: a death knight, wielding a +3 morningstar of draining and wearing a +0 chain mail (62% to hit)
You throw a boomerang.
The boomerang hits the death knight but does no damage.
The death knight calls down the wrath of Yredelemnul upon you.
Your body is wracked with pain!
A red film seems to cover your vision as you go berserk!
You feel yourself moving faster!
You feel mighty!
You feel a strong urge to attack something.
The death knight offers itself to Yredelemnul, and fills with unholy energy.
You feel your anger nearly subside.
You closely miss the death knight. You headbutt the death knight.
The death knight is lightly wounded.
The death knight reflects your damage back at you!
You are no longer berserk.
You are exhausted.
You feel yourself slow down.
You hit the death knight but do no damage.
The death knight is poisoned.
Your headbutt misses the death knight.
The death knight is lightly wounded.
The death knight hits you but does no damage.
You feel drained.
You whack the death knight!
The death knight looks as sick as possible!
You headbutt the death knight!
The death knight is moderately wounded.
The death knight reflects your damage back at you!
You block the death knight's attack.
The death knight reflects your damage back at you!
You hit the death knight but do no damage.
The death knight looks as sick as possible!
The death knight is moderately wounded.
The death knight hits you with a +3 morningstar of draining!!
* * * LOW HITPOINT WARNING * * *
You feel drained.
* * * LOW HITPOINT WARNING * * *
The death knight reflects your damage back at you!
* * * LOW HITPOINT WARNING * * *
The death knight hits you with a +3 morningstar of draining!!
You die...

#...#.....'.............
#...#.....#.............
.....#.....#.............
.......#.....#.............
........#######.............
................#'#.........
..........>.....+∩+.......[.
............#'#..#######
......p@.........# #
######...........#
#######.....# #.....#
#.....# #.....# #######


You could see a death knight (reflects damage, extremely poisoned).

Vanquished Creatures
  3 two-headed ogres
  Erica (D:9)
  Sonja (D:11)
  A skeletal warrior (D:9)
  A manticore (D:7)
  A gargoyle (D:10)
  A kobold demonologist (D:11)
  Grinder (D:5)
  A hornet (D:8)
  2 shadows
  2 wyverns (D:8)
  A yak (D:10)
  A basilisk (D:11)
  A steam dragon (D:10)
  3 water moccasins
  Duvessa (D:6)
  9 orc warriors
  4 black bears
  4 sky beasts
  3 centaurs
  A necrophage (D:5)
  Blork the orc (D:4)
  A kobold brigand (D:7)
  8 bullfrogs
  8 scorpions
  A water moccasin skeleton (D:5)
  Dowan (D:6)
  11 killer bees
  4 wights (D:9)
  3 howler monkeys
  3 bullfrog zombies
  6 centaur zombies
  4 hounds
  2 bullfrog skeletons (D:5)
  11 orc priests
  2 jellies
  Crazy Yiuf (D:3)
  A gnoll shaman (D:6)
  4 iguanas
  Ijyb (D:3)
  A centaur skeleton (D:7)
  7 orc wizards
  12 gnolls
  3 adders
  3 white imps
  An adder skeleton (D:4)
  3 worms (D:2)
  2 dart slugs
  70 orcs
  3 ball pythons
  3 bats
  4 endoplasms
  8 giant cockroaches
  2 goblins
  7 hobgoblins
  7 jackals
  3 quokkas
  A frilled lizard (D:2)
  9 kobolds
  9 rats
274 creatures vanquished.

Vanquished Creatures (collateral kills)
  2 skeletal warriors (D:9)
2 creatures vanquished.

Vanquished Creatures (others)
  36 fungi (D:10)
  40 plants (D:10)
76 creatures vanquished.

Grand Total: 352 creatures vanquished

Notes
Turn   | Place    | Note
-------+----------+-------------------------------------------
     0 | D:1      | ZARRMARR the Minotaur Berserker began the quest for the
                  | Orb.
     0 | D:1      | Reached XP level 1. HP: 19/19 MP: 0/0
   367 | D:1      | Reached XP level 2. HP: 17/27 MP: 1/1
   476 | D:1      | Reached skill level 4 in Maces & Flails
   638 | D:1      | Found Plog's Distillery.
  1094 | D:2      | Reached XP level 3. HP: 13/33 MP: 2/2
  1216 | D:2      | Reached ** piety under Trog
  1449 | D:2      | Reached XP level 4. HP: 35/41 MP: 1/3
  2269 | D:3      | Noticed Ijyb
  2286 | D:3      | Killed Ijyb
  2287 | D:3      | Reached skill level 5 in Maces & Flails
  2633 | D:3      | Found a runed translucent door.
  2634 | D:3      | Noticed Crazy Yiuf
  2966 | D:3      | Reached XP level 5. HP: 29/47 MP: 2/4
  3463 | D:3      | Reached skill level 5 in Fighting
  3463 | D:3      | Reached skill level 6 in Maces & Flails
  3912 | D:3      | Killed Crazy Yiuf
  3913 | D:3      | Reached XP level 6. HP: 56/56 MP: 5/5
  4542 | D:4      | Noticed Blork the orc
  4545 | D:4      | Killed Blork the orc
  4723 | D:4      | Found a bloodstained altar of Trog.
  5142 | D:4      | Found a shimmering blue altar of Sif Muna.
  5210 | D:4      | Found Naominell's Book Shoppe.
  5370 | D:5      | Entered Level 5 of the Dungeon
  5414 | D:5      | Noticed Grinder
  5417 | D:5      | Reached skill level 7 in Maces & Flails
  5422 | D:5      | Paralysed by Grinder for 7 turns
  5430 | D:5      | Killed Grinder
  5431 | D:5      | Reached XP level 7. HP: 51/62 MP: 2/6
  5595 | D:5      | Reached skill level 8 in Maces & Flails
  5727 | D:5      | Reached skill level 5 in Dodging
  5730 | D:5      | Reached *** piety under Trog
  5871 | D:5      | Found a snail-covered altar of Cheibriados.
  6070 | D:5      | Found Cazxypp's Magic Scroll Boutique.
  6081 | D:5      | Reached XP level 8. HP: 59/70 MP: 5/7
  6092 | D:5      | Bought a scroll of identify for 24 gold pieces
  6092 | D:5      | Bought a scroll of identify for 24 gold pieces
  6092 | D:5      | Bought a scroll of identify for 24 gold pieces
  6092 | D:5      | Bought 3 scrolls of identify for 72 gold pieces
  6681 | D:6      | Found a staircase to the Ecumenical Temple.
  6818 | D:6      | Reached skill level 9 in Maces & Flails
  6865 | D:6      | Found a runed translucent door.
  6867 | D:6      | Found a runed translucent door.
  7064 | D:6      | Found a glowing silver altar of Zin.
  7212 | D:6      | Found a radiant altar of Vehumet.
  7212 | D:6      | Noticed Duvessa
  7212 | D:6      | Noticed Dowan
  7219 | D:6      | Killed Dowan
  7220 | D:6      | Killed Duvessa
  7221 | D:6      | Reached skill level 10 in Maces & Flails
  7368 | D:6      | Reached **** piety under Trog
  7369 | D:6      | Reached XP level 9. HP: 79/79 MP: 6/8
  7571 | D:7      | Reached skill level 11 in Maces & Flails
  7657 | D:7      | Noticed a manticore
  7671 | D:7      | Killed a manticore
  7672 | D:7      | Reached skill level 5 in Armour
  8198 | D:7      | Found a hazy altar of Hepliaklqana.
  8737 | D:8      | Found a sparkling altar of Nemelex Xobeh.
  8784 | D:8      | Paralysed by a hornet for 3 turns
  8930 | D:8      | Reached skill level 12 in Maces & Flails
  8984 | D:8      | Reached XP level 10. HP: 90/90 MP: 9/9
  9253 | D:8      | Reached ***** piety under Trog
 10334 | D:9      | Noticed Erica
 10346 | D:9      | Killed Erica
 10347 | D:9      | Reached skill level 1 in Shields
 10766 | D:9      | Found Putwy's Antique Weapon Shoppe.
 10769 | D:9      | Noticed a skeletal warrior
 10773 | D:9      | Noticed a skeletal warrior
 10792 | D:9      | Killed a skeletal warrior
 10796 | D:9      | Killed a skeletal warrior
 10797 | D:9      | Noticed a skeletal warrior
 10802 | D:9      | Killed a skeletal warrior
 10803 | D:9      | Reached skill level 10 in Fighting
 11175 | D:9      | Noticed a two-headed ogre
 11184 | D:9      | Killed a two-headed ogre
 11496 | D:10     | Entered Level 10 of the Dungeon
 11496 | D:10     | Noticed a gargoyle
 11513 | D:9      | Reached XP level 11. HP: 91/100 MP: 8/10
 11715 | D:10     | Reached skill level 10 in Armour
 11817 | D:10     | Noticed a two-headed ogre
 11902 | D:10     | Killed a two-headed ogre
 12102 | D:10     | Found a staircase to the Lair.
 12201 | D:10     | Found a staircase to the Orcish Mines.
 12306 | D:10     | Found an opulent altar of Gozag.
 12376 | D:10     | Noticed a two-headed ogre
 12383 | D:10     | Killed a two-headed ogre
 12384 | D:10     | Reached skill level 13 in Maces & Flails
 12426 | D:10     | Found a burning altar of Makhleb.
 12428 | D:10     | Found a sacrificial altar of Ru.
 12841 | D:11     | Reached skill level 5 in Shields
 13072 | D:11     | Got the Reference Book on Stones and the Escort
 13322 | D:11     | Received a gift from Trog
 14072 | D:11     | Noticed Sonja
 14085 | D:11     | Killed Sonja
 14264 | D:11     | Found Ungolyo's Book Shop.
 14273 | D:11     | Noticed a death knight
 14283 | D:11     | Slain by a death knight

Illustrated notes

Levels and vault maps discovered:
D:1:      saegor_arrival_miasma, layout_loops_ring, serial_forest,
          infiniplex_forest_lined_room_3, infiniplex_forest_lined_3,
          infiniplex_forest_corner_1, infiniplex_forest_lined_room_2,
          infiniplex_forest_clump_long, infiniplex_forest_clump_tiny,
          serial_shops, shop
D:2:      layout_rooms, chequers_serial_rivers_marsh
D:3:      layout_loops_corners, minmay_misc_feat_x,
          chequers_serial_rivers_room_b, chequers_serial_rivers_room_a,
          cheibrodos_gnoll_hut, uniq_crazy_yiuf_cottage, uniq_ijyb
D:4:      layout_rooms, tgw_sif, bloody_trog, serial_shops, shop,
          palyth_stone_intersect, uniq_blork_the_orc
D:5:      layout_loops_ring, kennysheep_mini, serial_shops, shop,
          eino_curves_03, uniq_grinder
D:6:      lemuel_insect_pit, layout_rooms, zin_scriptorium,
          nicolae_vehumet_altar_sigil, minmay_temple_entry_slanted, uniq_duvessa
D:7:      minmay_chambers_of_fours, layout_loops_cross,
          nicolae_hepliaklqana_hippocampus, kennysheep_small_square
D:8:      layout_loops_ring, nemelex_diamond_rough_becter, serial_rivers,
          chequers_serial_rivers_room_b, chequers_serial_rivers_large_b,
          chequers_serial_rivers_room_a, chequers_serial_rivers_room_a,
          chequers_serial_rivers_room_a, special_room [special_room_orc]
D:9:      layout_long_grid, serial_shops, shop, patterned_corridor, uniq_erica
D:10:     layout_rooms, nicolae_gozag_seed_capital, jmf_multi_god_temple,
          due_lair_maze_entry_diamond, hiddenorc2_lemuel
D:11:     layout_irregular_city, serial_shops, nicolae_shop_behind_doors,
          uniq_sonja

Skill      XL: |  1  2  3  4  5  6  7  8  9 10 11 |
---------------+----------------------------------+-----
Maces & Flails | 4 5 6 7 8 10 12 13 | 13.1
Fighting       | 4 5 6 7 8 10 | 10.9
Armour         | 3 4 6 9 11 | 11.9
Dodging        | 3 4 5 6 7 |  7.8
Shields        | 2 5 |  5.5
Evocations     | |  0.1

Action                   |  1- 3 |  4- 6 |  7- 9 | 10-12 || total
-------------------------+-------+-------+-------+-------++-------
Melee: Mace              |    69 |     2 |       |       ||    71
       Headbutt          |     8 |    17 |    56 |    92 ||   173
       Whip              |       |    98 |   244 |   385 ||   727
       Club              |       |       |       |    18 ||    18
Throw: Stone             |       |    29 |       |       ||    29
       Dart              |       |    16 |       |       ||    16
       Boomerang         |       |       |    59 |   105 ||   164
Invok: Berserk           |       |     4 |     6 |    21 ||    31
       Brothers in Arms  |       |       |       |     1 ||     1
Evoke: Phial of floods   |       |       |       |     1 ||     1
  Use: Scroll            |     3 |     2 |     6 |     4 ||    15
       Potion            |       |       |       |     3 ||     3
 Stab: Sleeping          |       |     1 |       |       ||     1
Armor: Animal skin       |     8 |    12 |     7 |       ||    27
       Skin              |       |     2 |       |       ||     2
       Plate armour      |       |       |    72 |   192 ||   264
Dodge: Dodged            |    54 |    40 |    80 |   110 ||   284
Block: Kite shield       |       |       |       |   126 ||   126
